 Dungeon Crawl Stone Soup version 0.31-a0-848-gaac375c287 (webtiles) character file.

Game seed: 14164757356689550173

235565 Flugkiller the Metamorph (level 19, -11/162 HPs)
             Began as an Octopode Shapeshifter on Oct 5, 2023.
             Was the Champion of Hepliaklqana.
             Killed from afar by a deep elf annihilator (69 damage)
             ... with a crystal spear
             ... on level 1 of the Vaults.
             The game lasted 00:45:22 (36028 turns).

Flugkiller the Metamorph (Octopode Shapeshifter)   Turns: 36028, Time: 00:45:23

Health: -11/162    AC: 34    Str: 29    XL:     19   Next: 18%
Magic:  26/26      EV: 31    Int: 10    God:    Hepliaklqana [******]
Gold:   1370       SH:  5    Dex: 17    Spells: 18/18 levels left

rFire   + .          .
                       - Unarmed
rCold   + . .        O - +0 buckler
rNeg    + . .        (helmet restricted)
rPois   ∞            N - necklace of Bloodlust {Fury *Rage Will++ Int-3 Slay+6}
rElec   +            p - +4 ring of protection
rCorr   .            c - ring of protection from cold
SInv    .            X - +6 ring of strength
Will    ++++.        I - ring of flight
Stlth   +++          Y - ring "Niamoko" {rF+ Str+6 Dex+2}
HPRegen 0.47/turn    x - +5 ring of evasion
MPRegen 0.20/turn    v - +5 ring of evasion
                     m - ring of willpower

%: clarity
@: statue-form, flying, very slow
A: slow and powerful, torment resistance 1, boosted hp, reduced essence, almost
no armour, amphibious, 8 rings, camouflage 1, (gelatinous body 1), (nimble
swimmer 1), tentacles, (iridescent scales 1), clarity, deterioration 1
}: 2/15 runes: serpentine, barnacled
a: Begin Untransformation, Renounce Religion, Recall Ancestor, Ancestor
Identity, Transference, Idealise


You were on level 1 of the Vaults.
You worshipped Hepliaklqana.
Hepliaklqana was exalted by your worship.
You were a living statue of rough stone.
You visited 6 branches of the dungeon, and saw 31 of its levels.
You visited 1 bazaar.

You collected 3370 gold pieces.
You spent 2000 gold pieces at shops.

Inventory:

Missiles
 G - 29 poisoned darts
 H - 4 throwing nets
Armour
 j - a +2 hat
   (You found it on level 3 of the Lair of Beasts)
 O - a +0 buckler (worn)
   (You found it on level 1 of the Dungeon)
Jewellery
 c - a ring of protection from cold (right tentacle)
   (You took it off an orc wizard on level 11 of the Dungeon)
 f - a ring of protection from fire
   (You found it on level 14 of the Dungeon)
 i - a ring of see invisible
   (You found it on level 4 of the Lair of Beasts)
 m - a ring of willpower (on tentacle)
   (You took it off a naga sharpshooter on level 1 of the Snake Pit)
 p - a +4 ring of protection (left tentacle)
   (You bought it in a shop on level 3 of the Dungeon)
 v - a +5 ring of evasion (on tentacle)
   (You bought it in a shop on level 1 of the Snake Pit)
 x - a +5 ring of evasion (on tentacle)
   (You bought it in a shop on level 1 of the Snake Pit)
 I - a ring of flight (on tentacle)
   (You found it on level 11 of the Dungeon)
 N - the necklace of Bloodlust (around mantle) {Fury *Rage Will++ Int-3 Slay+6}
   (You found it on level 3 of the Lair of Beasts)

   [amulet of nothing]

   Fury:      It extends the wearer's berserk rage when killing foes.
   Int-3:     It affects your intelligence (-3).
   Slay+6:    It affects your accuracy & damage with ranged weapons and melee
   (+6).
   Will++:    It greatly increases your willpower.
   *Rage:     It berserks you when you make melee attacks (+50% chance).
 X - a +6 ring of strength (on tentacle)
   (You took it off a merfolk on level 2 of the Shoals)
 Y - the ring "Niamoko" (on tentacle) {rF+ Str+6 Dex+2}
   (You bought it in a shop in a bazaar)

   [ring of strength]

   Str+6:     It affects your strength (+6).
   Dex+2:     It affects your dexterity (+2).
   rF+:       It protects you from fire.
 Z - an amulet of faith
   (You took it off a merfolk on level 4 of the Shoals)
Talismans
 b - a granite talisman (active)
   (You took it off Roxanne on level 1 of the Snake Pit)
 D - a serpent talisman
   (You found it on level 2 of the Lair of Beasts)
 J - a dragon-blood talisman
   (You found it on level 11 of the Dungeon)
Wands
 e - a wand of quicksilver (9)
   (You took it off Joseph on level 8 of the Dungeon)
 y - a wand of digging (21)
   (You found it on level 8 of the Dungeon)
 C - a wand of flame (22)
   (You found it on level 9 of the Dungeon)
 E - a wand of mindburst (2)
   (You took it off a gnoll on level 9 of the Dungeon)
 P - a wand of paralysis (4)
   (You found it on level 1 of the Snake Pit)
 V - a wand of roots (23)
   (You took it off a spriggan on level 5 of the Lair of Beasts)
Scrolls
 g - 2 scrolls of silence
 l - 2 scrolls of fear
 o - 4 scrolls of immolation
 r - 12 scrolls of identify
 t - 6 scrolls of teleportation
 u - 4 scrolls of fog
 z - 3 scrolls of blinking
 A - 6 scrolls of poison
 F - 2 scrolls of butterflies
 M - 2 scrolls of revelation
 R - 7 scrolls of enchant armour
 T - 6 scrolls of vulnerability
Potions
 a - 5 potions of attraction
 d - a potion of might
 h - a potion of haste
 k - 8 potions of brilliance
 n - a potion of resistance
 q - 3 potions of curing
 s - a potion of lignification
 w - 2 potions of heal wounds
 B - a potion of berserk rage
 K - 4 potions of magic
 L - 3 potions of enlightenment
 S - 2 potions of mutation
 W - 2 potions of ambrosia
Miscellaneous
 Q - a lightning rod (4/4)
   (You found it on level 5 of the Lair of Beasts)
 U - a condenser vane
   (You found it on level 3 of the Snake Pit)


   Skills:
 - Level 15.0 Fighting
 - Level 15.0 Dodging
 - Level 4.0 Shields
 - Level 15.0 Unarmed Combat
 - Level 10.0 Invocations
 - Level 6.0 Evocations
 + Level 19.1 Shapeshifting


You had 18 spell levels left.
You didn't know any spells.
Your spell library contained the following spells:

 Spells                   Type           Power      Damage    Failure   Level
 Apportation              Tloc           0%         N/A       41%         1
 Necrotise                Necr           0%         1d4       41%         1
 Shock                    Conj/Air       0%         1d3       41%         1
 Slow                     Hex            0%         N/A       41%         1
 Summon Small Mammal      Summ           0%         N/A       41%         1
 Blink                    Tloc           0%         N/A       54%         2
 Cigotuvi's Dreadful Rot  Necr/Pois/Air  0%         N/A       54%         2
 Lesser Beckoning         Tloc           0%         N/A       54%         2
 Momentum Strike          Conj/Tloc      0%         3d8       54%         2
 Confusing Touch          Hex            0%         N/A       78%         3
 Ignite Poison            Fire/Tmut/Pois 0%         N/A       78%         3
 Ozocubu's Armour         Ice            0%         N/A       78%         3
 Sigil of Binding         Hex            0%         N/A       78%         3
 Stone Arrow              Conj/Erth      0%         3d7       78%         3
 Swiftness                Air            0%         N/A       78%         3
 Vampiric Draining        Necr           0%         2d6       78%         3
 Airstrike                Air            0%         2d(0-16)  99%         4
 Anguish                  Hex/Necr       0%         N/A       99%         4
 Cause Fear               Hex            0%         N/A       99%         4
 Manifold Assault         Tloc           0%         N/A       99%         4
 Agony                    Necr           0%         N/A       100%        5
 Fireball                 Conj/Fire      0%         3d3       100%        5
 Freezing Cloud           Conj/Ice/Air   0%         6-21      100%        5
 Enfeeble                 Hex            0%         N/A       100%        7
 Ozocubu's Refrigeration  Ice            0%         4d7       100%        7
 Lehudib's Crystal Spear  Conj/Erth      0%         10d2      100%        8
 Dragon's Call            Summ           0%         N/A       100%        9
 Animate Armour           Summ/Erth      Unusable   N/A       N/A         4

Dungeon Overview and Level Annotations

Branches:
Dungeon (15/15) Zot: 24127  Temple (0/1) D:7            Lair (5/5) D:10 Zot: 21694
 Shoals (4/4) Lair:3 Zot: 19265   Snake (4/4) Lair:2 Zot: 16679     Orc (2/2) D:11 Zot: 9681
    Elf (0/3) Orc:2        Vaults (1/5) D:14 Zot: 5955  Depths (0/4) D:15
  Slime: Lair:4-5

Altars:
Ashenzari
Dithmenos
Fedhas
Hepliaklqana
Makhleb
Okawaru
Qazlal
Ru
Trog
Uskayaw
Wu Jian
Yredelemnul
The Shining One
Lugonu

Shops:
D:3 ==[   D:7 (   Orc:2 :[[(   Shoals:2 *   Snake:1 =

Portals:
Abyss: Lair:5
Trove: D:11 (give 3 potions of resistance)

Annotations:
D:8 2 transporters, WhatIsLove's ghost, novice DjFE
Lair:4 exclusion: oklob plant


Innate Abilities, Weirdness & Mutations

You are a living statue of rough stone.
Your actions are slow, but your melee attacks are powerful.
You are resistant to unholy torment.
Your maximum health is greatly increased.
Your life essence is reduced to manifest your ancestor. (-10% HP)
You cannot wear most types of armour.
You are amphibious.
You can wear up to eight rings at the same time.
You are immune to poison.
Your skin changes colour to match your surroundings (Stealth+).
((Your rubbery body absorbs attacks. (AC +1, EV +1)))
((You are camouflaged when in or above water. (Stealth+)))
You have tentacles for arms and can constrict up to eight enemies at once.
((You are partially covered in iridescent scales. (AC +2)))
You possess an exceptional clarity of mind.
Your body sometimes deteriorates upon taking damage.


Message History

The wizard blinks!
The ironbound convoker completely misses you.
Something hits you but does no damage.
Lici hits the wizard with a +0 lajatang of freezing!!
Lici freezes the wizard.
The wizard dies!
You batter the ironbound convoker!!
You kill the ironbound convoker!
The ironbound thunderhulk barely misses you.
Lici points at the ironbound thunderhulk and mumbles some strange words.
The bolt of magma hits the ironbound thunderhulk!!
The bolt of magma hits the yaktaur captain!
The yaktaur captain wields a +0 arbalest.
The yaktaur captain shoots a bolt.
The bolt closely misses you.
The bolt barely misses the ironbound thunderhulk.
The bolt hits Lici!
The vault warden hits you but does no damage.
The yaktaur wields a +0 arbalest.
The yaktaur shoots a bolt.
The bolt hits you.
A yaktaur captain comes into view.
Something closely misses you.
You thrash the ironbound thunderhulk!!!
The ironbound thunderhulk is almost dead.
Lici completely misses the ironbound thunderhulk.
The ironbound thunderhulk hits you but does no damage.
The vault warden hits you with a +1 war axe!
The vault sentinel points at you and mumbles some strange words.
You resist with almost no effort. Something misses you.
Lici hits the ironbound thunderhulk with a +0 lajatang of freezing!!
Lici freezes the ironbound thunderhulk.
The ironbound thunderhulk dies!
The ironbound thunderhulk's corpse dissolves into shadows!
You bludgeon the vault warden! You grab the vault warden.
You tentacle-slap the vault warden!!!
You squeeze the vault warden, but do no damage.
The vault warden is heavily wounded.
You constrict the vault warden!
You hear some strange, mumbled words.
The vault warden hits you but does no damage.
The vault warden hits Lici with a +1 war axe!
The vault sentinel blows a loud note on a signal horn!
Lici gestures next to the vault sentinel while chanting.
The stone arrow hits the vault sentinel!!
You hear some strange, mumbled words.
You batter the vault warden!! You tentacle-slap the vault warden!
You kill the vault warden!
The runic seal fades away.
The vault sentinel hits you but does no damage.
The ironbound frostheart touches you. The ironbound frostheart freezes you!
You resist.
You tentacle-slap the vault sentinel. Your grab misses the vault sentinel.
You squeeze the vault sentinel!!
You kill the vault sentinel!
The deep elf annihilator hits Lici with a +0 dagger.
The yaktaur captain unwields a +0 arbalest.
The yaktaur captain hits Lici!
Lici hits the yaktaur captain with a +0 lajatang of freezing!
Lici freezes the yaktaur captain.
The ironbound frostheart touches you but does no damage.
You thrash the ironbound frostheart!!! You grab the ironbound frostheart.
Your tentacle-slap misses the ironbound frostheart.
You squeeze the ironbound frostheart!
You kill the ironbound frostheart!
The ironbound frostheart's corpse dissolves into shadows!
The deep elf annihilator hits Lici with a +0 dagger.
Lici hits the yaktaur captain with a +0 lajatang of freezing!
Lici freezes the yaktaur captain.
The yaktaur captain hits Lici!
You swap places.
The yaktaur captain completely misses you.
The deep elf annihilator barely misses you.
The yaktaur captain wields a +0 arbalest.
The yaktaur captain shoots a bolt.
You block the bolt. You block the yaktaur captain's attack.
The deep elf annihilator misses you.
Items here: )) [[ †.
You batter the yaktaur captain!!
The yaktaur captain is almost dead.
Lici gestures at the yaktaur captain while chanting.
The stone arrow hits the yaktaur captain!
The yaktaur captain dies!
Lici casts a spell next to you.
The stone arrow hits something!!
Reactivating autopickup.
You feel a bit more experienced. The yaktaur captain hits you!
The deep elf annihilator gestures at you while chanting.
The crystal spear hits you!!!
The yaktaur shoots a bolt.
The bolt misses you.
The bolt hits Lici.
You are too injured to fight recklessly!
You are too injured to fight recklessly!
Unknown command.
Unknown command.
You swap places.
Lici hits the yaktaur captain with a +0 lajatang of freezing!!
Lici freezes the yaktaur captain.
Lici hits the yaktaur captain with a +0 lajatang of freezing!!
Lici freezes the yaktaur captain!
The yaktaur captain wields a +0 arbalest.
The yaktaur captain shoots a bolt.
The bolt hits Lici!!
Lici is destroyed!
The deep elf annihilator gestures at you while chanting.
The crystal spear hits you!!!
You die...

### #.# .c. ##.##
#e)c# ##)## #.8)#
##.## #:.)#########
##)##.......#
####+###+##.......#
#.........#.......#
#.........#.......#
#.........#R......#
+.........'.......#


You could see a yaktaur captain, a deep elf annihilator and a yaktaur.

Vanquished Creatures
  Saint Roka (Orc:2)
  Jorgrun (Snake:1)
  2 krakens (Shoals:2)
  Gastronok (D:9)
  Donald (Snake:1)
  A fire giant (D:15)
  A vault warden (Vaults:1)
  An ironbound preserver (Vaults:1)
  Azrael (D:15)
  4 merfolk javelineers
  5 merfolk impalers
  3 hydras
  3 salamander tyrants (Snake:4)
  4 alligator snapping turtles
  2 centaur warriors
  A merfolk aquamancer (Shoals:4)
  A catoblepas (Lair:3)
  Erica (Orc:1)
  2 boulder beetles
  A dancing weapon (D:14)
  8 death yaks
  6 two-headed ogres
  9 naga warriors
  A tengu warrior (D:14)
  A satyr (Shoals:4)
  8 anacondas
  4 thrashing horrors (Lair:5)
  11 shock serpents
  Urug (Lair:4)
  A shock serpent (shapeshifter) (D:14)
  4 skysharks
  7 naga sharpshooters
  7 salamander mystics
  Amaemon (D:11)
  9 sea snakes
  3 skeletal warriors
  An ironbound convoker (Vaults:1)
  A deep elf pyromancer (D:15)
  4 naga ritualists
  4 lindwurms (Snake:4)
  7 harpies
  2 orc knights (Orc:2)
  7 manticores
  11 mana vipers
  An orc sorcerer (Orc:2)
  14 fauns
  2 large abominations (Lair:5)
  4 cyclopes
  16 salamanders
  5 merfolk sirens
  10 ugly things
  A black mamba (shapeshifter) (Lair:5)
  34 black mambas
  A smoke demon (Lair:5)
  A vault sentinel (Vaults:1)
  Joseph (D:8)
  23 naga magi
  An orange demon (D:11)
  7 guardian serpents
  A rime drake (Lair:1)
  8 komodo dragons
  9 cane toads
  2 freezing wraiths (D:14)
  24 merfolk
  A polar bear (shapeshifter) (D:14)
  5 trolls
  3 hornets
  Grinder (D:3)
  2 raiju (Lair:5)
  11 dream sheep
  4 wind drakes
  3 slime creatures (D:14)
  23 blink frogs
  3 snapping turtles
  A centaur simulacrum (D:14)
  2 ynoxinuls (Lair:5)
  6 water elementals
  A shadow (D:9)
  2 wraiths (D:11)
  A spriggan (Lair:5)
  2 fire elementals (D:15)
  7 wyverns
  23 yaks
  6 basilisks
  6 vampire mosquitoes
  2 steam dragons
  A chaos spawn (Lair:5)
  35 nagas
  A warg (Orc:2)
  An acid dragon (D:14)
  14 water moccasins
  2 hell hounds (D:15)
  A black bear (Lair:4)
  26 orc warriors
  2 ice beasts (D:6)
  2 sky beasts
  4 ogres
  22 wolves
  17 centaurs
  2 kobold brigands
  2 gnoll sergeants
  7 bullfrogs
  2 scorpions
  A wyvern zombie (D:7)
  5 wights
  10 small abominations (Lair:5)
  8 killer bees
  4 howler monkeys
  An electric eel (D:10)
  2 centaur zombies (D:7)
  2 gnoll boudas
  4 hounds
  4 jellies
  13 orc priests
  Jessica (D:3)
  5 iguanas
  3 orc wizards
  2 killer bee zombies (D:7)
  3 mummies (D:7)
  5 adders
  11 gnolls
  A white imp (D:6)
  An ufetubus (D:6)
  4 worms
  4 dart slugs
  51 orcs
  8 bats
  3 endoplasms
  8 giant cockroaches
  10 goblins
  9 hobgoblins
  3 jackals (D:2)
  14 kobolds
  2 ball pythons (D:2)
  3 frilled lizards
  7 rats
  2 tentacles (Shoals:2)
790 creatures vanquished.

Vanquished Creatures (collateral kills)
  Aizul (Shoals:2)
  A nagaraja (Snake:2)
  Roxanne (Snake:1)
  A merfolk impaler (Shoals:3)
  A yaktaur captain (Vaults:1)
  A great orb of eyes (Vaults:1)
  A salamander tyrant (Snake:4)
  2 catoblepae
  A merfolk avatar (Shoals:3)
  3 satyrs
  A centaur warrior (D:14)
  A dancing weapon (D:14)
  4 anacondas
  A naga warrior (Snake:3)
  A merfolk aquamancer (Shoals:2)
  A boulder beetle (D:14)
  2 naga sharpshooters (Snake:4)
  2 shock serpents
  Nergalle (Lair:3)
  A skyshark (Shoals:1)
  A naga ritualist (Snake:2)
  A sea snake (Shoals:1)
  A wizard (Vaults:1)
  4 mana vipers
  A harpy (Shoals:3)
  3 cyclopes
  4 ugly things
  2 manticores
  10 fauns
  7 salamanders
  5 merfolk sirens
  10 black mambas
  A guardian serpent (Snake:4)
  4 naga magi
  3 water nymphs (Shoals:4)
  3 cane toads
  A smoke demon (Lair:5)
  A kobold demonologist (D:10)
  2 komodo dragons (Lair:1)
  An unseen horror (D:11)
  4 wind drakes
  5 trolls
  13 merfolk
  A polar bear (Lair:4)
  8 blink frogs
  A snapping turtle (Shoals:1)
  3 dream sheep
  2 slime creatures (D:14)
  A wraith (D:11)
  A vampire (D:11)
  4 water elementals
  2 shadows
  Grum (D:10)
  2 basilisks
  2 wyverns
  14 yaks
  A vampire mosquito (D:11)
  A warg (Orc:2)
  10 nagas
  6 water moccasins
  10 orc warriors
  An ice beast (D:7)
  A boggart (Vaults:1)
  2 ogres (Orc:1)
  A small abomination (Lair:5)
  10 centaurs
  13 wolves
  7 bullfrogs
  A hornet simulacrum (D:15)
  2 wights (D:7)
  A killer bee (D:6)
  An electric eel (D:10)
  2 howler monkeys (D:9)
  A human zombie (D:7)
  4 orc priests
  5 orc wizards
  5 gnolls
  37 orcs
  3 butterflies
  A tentacle (Shoals:2)
283 creatures vanquished.

Vanquished Creatures (others)
  A naga mage (Snake:4)
  47 battlemagi
  9 ancestors
  9 tentacles (Shoals:2)
66 creatures vanquished.

Grand Total: 1139 creatures vanquished

Notes
Turn   | Place    | Note
-------+----------+-------------------------------------------
     0 | D:1      | Flugkiller the Octopode Shapeshifter began the quest for
                  | the Orb.
     0 | D:1      | Reached XP level 1. HP: 13/13 MP: 1/1
    37 | D:1      | Reached XP level 2. HP: 17/19 MP: 2/2
   183 | D:1      | Reached XP level 3. HP: 25/25 MP: 3/3
   673 | D:2      | Reached XP level 4. HP: 31/31 MP: 4/4
  1345 | D:3      | Found Lattihul's Jewellery Shop.
  1419 | D:3      | Found Yliagea's Armour Emporium.
  1427 | D:3      | Noticed Grinder
  1430 | D:3      | Reached XP level 5. HP: 36/36 MP: 5/5
  1478 | D:3      | Paralysed by Grinder for 5 turns
  1487 | D:3      | Paralysed by Grinder for 2 turns
  1497 | D:3      | Paralysed by Grinder for 4 turns
  1504 | D:3      | Killed Grinder
  1505 | D:3      | Reached skill level 5 in Unarmed Combat
  1505 | D:3      | Reached XP level 6. HP: 28/42 MP: 6/6
  1750 | D:3      | Found Guokleog's Jewellery Boutique.
  1926 | D:3      | Noticed Jessica
  1933 | D:3      | Killed Jessica
  1934 | D:3      | Reached skill level 5 in Dodging
  2148 | D:4      | Reached XP level 7. HP: 30/46 MP: 7/7
  2578 | D:4      | Identified the +5 plate armour of Time Monsters {rElec}
  2579 | D:4      | Found a bloodstained altar of Trog.
  2672 | D:4      | Found a hazy altar of Hepliaklqana.
  2835 | D:4      | Became a worshipper of Hepliaklqana the Forgotten
  3157 | D:5      | Entered Level 5 of the Dungeon
  3304 | D:5      | Reached XP level 8. HP: 53/54 MP: 8/8
  3612 | D:5      | Found a shadowy altar of Dithmenos.
  3993 | D:6      | Found an ornate altar of the Wu Jian Council.
  4070 | D:6      | Found a glowing golden altar of the Shining One.
  4078 | D:6      | Reached skill level 4 in Shapeshifting
  4337 | D:6      | Reached * piety under Hepliaklqana
  4400 | D:6      | Found a stormy altar of Qazlal.
  4491 | D:7      | Reached skill level 5 in Shapeshifting
  4653 | D:7      | Reached XP level 9. HP: 28/52 MP: 9/9
  4769 | D:7      | Reached skill level 6 in Shapeshifting
  4897 | D:7      | Found Cogueduf's Antique Weapon Emporium.
  5260 | D:6      | Reached skill level 7 in Shapeshifting
  5364 | D:7      | Reached skill level 5 in Fighting
  5415 | D:7      | Found a staircase to the Ecumenical Temple.
  5435 | D:7      | Found a burning altar of Makhleb.
  5719 | D:7      | Found a basalt altar of Yredelemnul.
  6258 | D:8      | Found a transporter.
  6259 | D:8      | Noticed WhatIsLove's ghost (novice DjFE)
  6281 | D:8      | Noticed a hornet
  6398 | D:8      | Killed a hornet
  6499 | D:8      | Found a transporter.
  6763 | D:8      | Reached XP level 10. HP: 61/61 MP: 10/10
  6931 | D:8      | Noticed Joseph
  6949 | D:8      | Killed Joseph
  7595 | D:3      | Bought a +4 ring of protection for 396 gold pieces
  7756 | D:9      | Reached ** piety under Hepliaklqana
  7757 | D:9      | Remembered your ancestor Lici as a battlemage
  7800 | D:9      | Noticed a two-headed ogre
  7900 | D:9      | Found a broken altar of Ashenzari.
  7989 | D:9      | Found a blossoming altar of Fedhas.
  7996 | D:9      | Noticed Gastronok
  8023 | D:9      | Killed Gastronok
  8462 | D:9      | Reached skill level 1 in Evocations
  8791 | D:9      | Reached XP level 11. HP: 60/69 MP: 11/11
  8980 | D:10     | Entered Level 10 of the Dungeon
  8980 | D:10     | Noticed Grum
  8989 | D:10     | Killed Grum
  9054 | D:10     | Reached skill level 10 in Dodging
  9061 | D:9      | Gained mutation: You occasionally lose the ability to drink
                  | potions when taking damage. [potion of mutation]
  9061 | D:9      | Gained mutation: You possess an exceptional clarity of
                  | mind. [potion of mutation]
  9271 | D:9      | Lost mutation: You possess an exceptional clarity of mind.
                  | [potion of mutation]
  9271 | D:9      | Lost mutation: You occasionally lose the ability to drink
                  | potions when taking damage. [potion of mutation]
  9271 | D:9      | Gained mutation: You are partially covered in iridescent
                  | scales. (AC +2) [potion of mutation]
  9271 | D:9      | Gained mutation: You are frail. (-10% HP) [potion of
                  | mutation]
  9271 | D:9      | Gained mutation: Your body sometimes deteriorates upon
                  | taking damage. [potion of mutation]
  9271 | D:9      | Gained mutation: You are mostly covered in iridescent
                  | scales. (AC +4) [potion of mutation]
  9272 | D:9      | Lost mutation: You are mostly covered in iridescent scales.
                  | (AC +4) [potion of mutation]
  9272 | D:9      | Lost mutation: You are frail. (-10% HP) [potion of
                  | mutation]
  9272 | D:9      | Gained mutation: You possess an exceptional clarity of
                  | mind. [potion of mutation]
  9322 | D:10     | Found a staircase to the Lair.
  9355 | D:10     | Noticed a two-headed ogre
  9607 | D:10     | Reached skill level 5 in Evocations
  9674 | D:10     | Killed a two-headed ogre
  9894 | D:10     | Found a hide-covered altar of Uskayaw.
 10162 | D:10     | Noticed a two-headed ogre
 10193 | D:10     | Killed a two-headed ogre
 10424 | D:10     | Reached *** piety under Hepliaklqana
 10894 | D:11     | Noticed a white ugly thing
 10902 | D:11     | Killed a white ugly thing
 10903 | D:11     | Reached skill level 8 in Shapeshifting
 10947 | D:11     | Found a portal to a secret trove of treasure.
 10984 | D:11     | Noticed a boulder beetle
 11082 | D:11     | Killed a boulder beetle
 11246 | D:11     | Noticed a cyclops
 11254 | D:11     | Killed a cyclops
 11285 | D:11     | Reached XP level 12. HP: 73/73 MP: 12/12
 11440 | D:11     | Identified the +7 war axe of Rypen {freeze, Dex+3}
 11453 | D:11     | Reached skill level 9 in Shapeshifting
 11651 | D:11     | Noticed Amaemon
 11888 | D:11     | Killed Amaemon
 11965 | D:11     | Noticed a two-headed ogre
 11994 | D:11     | Killed a two-headed ogre
 12117 | D:11     | Identified the orb "Hekabb" {light, *Slow Regen+ Str+3
                  | Int+7}
 12120 | D:11     | Found a staircase to the Orcish Mines.
 12227 | Lair:1   | Entered Level 1 of the Lair of Beasts
 12578 | Lair:2   | Noticed a catoblepas
 12585 | Lair:2   | Killed a catoblepas
 12999 | Lair:2   | Found a staircase to the Snake Pit.
 13077 | Lair:2   | Identified the +2 long sword of the Briny Deep {flame,
                  | *Rage rF+ rCorr Str+5}
 13191 | Lair:2   | Reached **** piety under Hepliaklqana
 13351 | Lair:2   | Reached skill level 10 in Shapeshifting
 13733 | Lair:1   | Identified the +1 quarterstaff "Bogami" {spect, Fragile
                  | Int+3 Dex+4}
 13950 | Lair:1   | Reached XP level 13. HP: 81/81 MP: 13/13
 14369 | Lair:3   | Found the necklace of Bloodlust {Fury *Rage Will++ Int-3
                  | Slay+6}
 14689 | Lair:3   | Found a staircase to the Shoals.
 14963 | Lair:3   | Noticed Nergalle
 14969 | Lair:3   | Killed Nergalle
 14970 | Lair:3   | Reached skill level 1 in Invocations
 15527 | Lair:3   | Reached ***** piety under Hepliaklqana
 15835 | Lair:4   | Noticed Urug
 15843 | Lair:4   | Killed Urug
 15844 | Lair:4   | Reached skill level 5 in Invocations
 16001 | Lair:4   | Reached skill level 11 in Shapeshifting
 16513 | Lair:4   | Reached skill level 10 in Unarmed Combat
 16519 | Lair:4   | Reached skill level 10 in Fighting
 17273 | Lair:5   | Entered Level 5 of the Lair of Beasts
 17392 | Lair:5   | Reached XP level 14. HP: 52/89 MP: 17/17
 17970 | Lair:5   | Reached skill level 12 in Shapeshifting
 19815 | Lair:5   | Reached skill level 13 in Shapeshifting
 20268 | Lair:5   | Found a corrupted altar of Lugonu.
 20268 | Lair:5   | Found a one-way gate to the infinite horrors of the Abyss.
 21252 | D:12     | Reached ****** piety under Hepliaklqana
 21483 | D:13     | You are sucked into a shaft and drop 2 floors!
 21483 | D:15     | Entered Level 15 of the Dungeon
 21558 | D:15     | Noticed Azrael
 21573 | D:15     | Killed Azrael
 21574 | D:15     | Reached XP level 15. HP: 66/96 MP: 18/18
 23411 | D:14     | Found a gate to the Vaults.
 23414 | D:14     | Reached skill level 14 in Shapeshifting
 23478 | D:15     | Found an iron altar of Okawaru.
 23744 | D:15     | Noticed a fire giant
 23754 | D:15     | Killed a fire giant
 23854 | D:15     | Found a staircase to the Depths.
 24390 | Orc:1    | Entered Level 1 of the Orcish Mines
 24411 | Orc:1    | Noticed Erica
 24416 | Orc:1    | Killed Erica
 24822 | Orc:2    | Entered Level 2 of the Orcish Mines
 24841 | Orc:2    | Found a staircase to the Elven Halls.
 25643 | Orc:2    | Noticed Saint Roka
 26180 | Orc:2    | Killed Saint Roka
 26473 | Orc:2    | Found Niwakem's Armour Shoppe.
 26473 | Orc:2    | Found Uvoes's Antique Armour Boutique.
 26473 | Orc:2    | Found Pank's Antique Weapon Shop.
 26476 | Orc:2    | Found Heic's Book Emporium.
 26820 | Snake:1  | Entered Level 1 of the Snake Pit
 26955 | Snake:1  | Reached XP level 16. HP: 104/104 MP: 19/19
 26982 | Snake:1  | Found Vyniorr's Jewellery Emporium.
 26985 | Snake:1  | Noticed Donald
 26994 | Snake:1  | Killed Donald
 27211 | Snake:1  | Bought a +5 ring of evasion for 504 gold pieces
 27211 | Snake:1  | Bought a +5 ring of evasion for 504 gold pieces
 27230 | Snake:1  | Noticed Roxanne
 27271 | Snake:1  | Noticed Jorgrun
 27285 | Snake:1  | Killed Jorgrun
 27826 | Snake:1  | Reached skill level 15 in Shapeshifting
 28819 | Snake:1  | Killed Roxanne
 29193 | Snake:2  | Reached skill level 15 in Dodging
 29340 | Snake:2  | Reached skill level 16 in Shapeshifting
 29490 | Snake:2  | Noticed a nagaraja
 29496 | Snake:2  | Killed a nagaraja
 29853 | Snake:3  | Reached XP level 17. HP: 109/109 MP: 21/23
 30972 | Snake:4  | Entered Level 4 of the Snake Pit
 31016 | Snake:4  | Reached skill level 10 in Invocations
 31109 | Snake:4  | Found a sacrificial altar of Ru.
 32371 | Snake:4  | Reached XP level 18. HP: 117/117 MP: 25/25
 32377 | Snake:4  | Got a serpentine rune of Zot
 32591 | Shoals:1 | Entered Level 1 of the Shoals
 33008 | Shoals:1 | Reached skill level 17 in Shapeshifting
 33287 | Shoals:2 | Found Aro Inim's Gadget Gallery.
 33687 | Shoals:2 | Reached skill level 15 in Fighting
 33690 | Shoals:2 | Reached skill level 15 in Unarmed Combat
 33810 | Shoals:2 | Noticed Aizul
 33818 | Shoals:2 | Killed Aizul
 34649 | Shoals:4 | Entered Level 4 of the Shoals
 34670 | Shoals:4 | Reached skill level 18 in Shapeshifting
 34718 | Shoals:4 | Found a flickering gateway to a bazaar.
 34727 | Bazaar   | Entered a bazaar
 34727 | Bazaar   | Found Peirphops's General Store.
 34727 | Bazaar   | Found Wido's General Store.
 34727 | Bazaar   | Found Ocsaz's Book Emporium.
 34729 | Bazaar   | Found Oduod's Armour Emporium.
 34746 | Bazaar   | Bought the ring "Niamoko" {rF+ Str+6 Dex+2} for 596 gold
                  | pieces
 35507 | Shoals:4 | Reached XP level 19. HP: 125/125 MP: 26/26
 35668 | Shoals:4 | Got a barnacled rune of Zot
 35996 | Vaults:1 | Entered Level 1 of the Vaults
 36013 | Vaults:1 | Reached skill level 19 in Shapeshifting
 36028 | Vaults:1 | Killed from afar by a deep elf annihilator

Illustrated notes

Levels and vault maps discovered:
D:1:      minmay_arrival_four_circles, layout_rooms, serial_glass,
          glass_columns_b, glass_columns_b
D:2:      cheibrodos_greedy_goblins, layout_basic
D:3:      layout_basic, serial_shops, shop, shop, shop, bh_walls_and_bars,
          uniq_grinder, uniq_jessica
D:4:      layout_cave_pools, nicolae_hepliaklqana_hippocampus,
          trog_three_pillars_becter, roderic_three_in_a_row
D:5:      layout_basic, nicolae_dithmenos_through_a_glass_darkly
D:6:      layout_cave_pools, mainiacjoe_overflow_six_doors_small,
          nicolae_qazlal_eye_of_the_storm, mainiacjoe_overflow_paths,
          minivault_23
D:7:      layout_cave_pools, makhleb_heckhound_becter,
          lemuel_mausoleum_altar_yredelemnul, minmay_temple_entry_ruins,
          serial_shops, shop
D:8:      layout_loops_cross, gammafunk_ghost_arena, serial_bayou_pond_d,
          uniq_joseph
D:9:      layout_stronghold, evilmike_ruin_ashenzari, fedhas_altar_3,
          abandoned_shop, uniq_gastronok
D:10:     layout_irregular_city, nicolae_uskayaw_dance_hall,
          minmay_lair_entry_grove, kennysheep_cross_bottleneck,
          minmay_diced_spiral, uniq_grum
D:11:     layout_roguey, david_orc_5, nicolae_trove_entry_diagonal,
          kennysheep_opposing_triangles, uniq_amaemon
D:12:     layout_basic
D:13:     layout_grid_maze, argonaut_gorgonesque
D:14:     layout_rooms, erik_vaults_1, minmay_misc_feat_diagonals
D:15:     grunt_enter_depths_giant_problem, layout_basic,
          okawaru_metal_pillars_1_2, drop_trap, hangedman_decor_slide_cut,
          uniq_azrael
Lair:1:   layout_gridlike, serial_bayou_shore_b, lemuel_fruit_tree,
          infiniplex_staircase_pool_2
Lair:2:   layout_roguey, minmay_snake_entry_guardpost_small, lemuel_fruit_fields
Lair:3:   layout_cave_pods, minmay_shoals_entry_centaurs, lemuel_fruit_fields,
          serial_bayou_shore_a, uniq_nergalle
Lair:4:   layout_long_grid, minmay_slime_entry_oklob_enclosed,
          minmay_shattered_shrine, uniq_urug
Lair:5:   hellmonk_lair_end_abyssal_woods, layout_regular_city,
          grunt_megastairs_5
Shoals:1: layout_shoals, nicolae_shoals_land_atoll
Shoals:2: cheibrodos_shoals_oceanic_diplomacy, layout_shoals,
          nicolae_shop_gadgets, uniq_aizul
Shoals:3: layout_shoals
Shoals:4: shoals_end_grunt_garden, layout_shoals, serial_shops, bzr_entry_islet,
          nicolae_shoals_wave_tunnel
Snake:1:  hangedman_cross_veins, layout_chambers, serial_shops,
          nicolae_shop_statue_plus, grunt_ministairs_1, guppyfry_library_mini,
          grunt_megastairs_3, serial_bayou_shore_b, uniq_roxanne, uniq_jorgrun,
          uniq_donald
Snake:2:  cheibrodos_snake_ritualist_ritual, layout_cave_town
Snake:3:  layout_layer_cave, grunt_ministairs_6
Snake:4:  snake_pit_salamanders_mu, layout_cave_town, basic_altar,
          grunt_megastairs_2
Orc:1:    layout_caves, uniq_erica
Orc:2:    st_orc_rangers, layout_caves, uniq_saint_roka
Vaults:1: nicolae_vaults_frosty_reception, nicolae_vaults_trapezoid_3,
          nicolae_vaults_door_testing_chamber,
          nicolae_vaults_storage_room_doors, nicolae_vaults_more_shelving_1,
          v_misc_25, nicolae_vaults_mitosis, nicolae_vaults_network_quinsquares
          [nicolae_vaults_network_quincunx_subvault,
          nicolae_vaults_network_quincunx_subvault,
          nicolae_vaults_network_quincunx_subvault,
          nicolae_vaults_network_quincunx_subvault], v_misc_2,
          kennysheep_vaults_gozag_temple, grunt_vaults_hallway_short,
          nicolae_vaults_circle_grid_b,
          nicolae_vaults_variable_pillar_hall_cross,
          nicolae_vaults_shelves_hall, nicolae_vaults_little_squares_1,
          layout_vaults_omnibox

Skill      XL: |  1  2  3  4  5  6  7  8  9 10 11 12 13 14 15 16 17 18 19 |
---------------+----------------------------------------------------------+-----
Fighting       | 2 3 4 6 7 8 9 10 11 12 13 14 15 | 15.0
Unarmed Combat | 4 5 6 8 9 10 11 12 13 14 15 | 15.0
Dodging        | 4 5 7 9 11 12 13 14 15 | 15.0
Shapeshifting  | 5 7 8 10 11 13 14 16 18 19 | 19.1
Shields        | 4 |  4.0
Evocations     | 2 6 |  6.0
Invocations    | 5 8 10 | 10.0

Action                     |  1- 3 |  4- 6 |  7- 9 | 10-12 | 13-15 | 16-18 | 19-21 || total
---------------------------+-------+-------+-------+-------+-------+-------+-------++-------
  Melee: Unarmed           |    64 |    98 |   211 |   354 |   704 |   651 |    32 ||  2114
         Constrict         |    19 |    19 |    49 |    61 |   144 |   111 |     8 ||   411
         Tentacles         |    13 |    16 |    49 |    75 |       |   130 |    12 ||   295
         Punch             |     2 |     6 |    13 |    23 |    18 |    73 |     6 ||   141
         Tailslap          |       |       |       |       |    27 |    14 |       ||    41
         Bite              |       |       |       |       |    25 |    16 |       ||    41
 Invoke: Ancestor Identity |       |       |     1 |       |       |       |       ||     1
         Recall Ancestor   |       |       |     2 |     3 |     2 |       |       ||     7
         Ancestor Life: Ba |       |       |       |     1 |       |       |       ||     1
         Transference      |       |       |       |       |     1 |       |       ||     1
         Idealise          |       |       |       |       |       |     1 |       ||     1
  Evoke: Wand              |       |       |       |     8 |     9 |     2 |       ||    19
         Lightning rod     |       |       |       |       |     1 |       |       ||     1
    Use: Potion            |       |     1 |     3 |     7 |     9 |     3 |       ||    23
         Scroll            |       |     1 |    12 |     9 |    15 |     8 |       ||    45
   Stab: Sleeping          |     4 |     7 |     3 |     3 |       |     2 |       ||    19
         Distracted        |       |       |     2 |     9 |     4 |    15 |       ||    30
 Armour: Skin              |    20 |    42 |    83 |   189 |   600 |   470 |    25 ||  1429
  Dodge: Dodged            |    37 |    22 |   100 |   213 |   599 |  1178 |    51 ||  2200
  Block: Buckler           |     2 |    17 |    55 |   132 |       |   211 |    11 ||   428
         Reflection        |       |       |     1 |    14 |       |       |       ||    15
         Other             |       |       |       |    11 |     3 |       |       ||    14
   Form: Anaconda          |       |       |       |     1 |     2 |       |       ||     3
         Dragon            |       |       |       |       |     4 |       |       ||     4
         Beast             |       |       |       |       |     1 |       |       ||     1
         Statue            |       |       |       |       |       |     1 |       ||     1

Table legend: (Time is in decaauts)
 A = Elapsed time spent in this place.
 B = Non-inter-level travel time spent in this place.
 C = Inter-level travel time spent in this place.
 D = Time resting spent in this place.
 E = Time spent auto-exploring this place.
 F = Levels seen in this place.
 G = Mean time per level.
                   A        B        C        D        E       F      G
               +--------+--------+--------+--------+--------+-----+--------+
         Total |  39183 |  36987 |   2196 |  11592 |  18239 |  32 | 1224.5 |
       Dungeon |  16364 |  15372 |    992 |   5213 |   7125 |  15 | 1090.9 |
          Lair |   8305 |   7828 |    477 |   3345 |   3181 |   5 | 1661.0 |
        Shoals |   4734 |   4469 |    265 |    399 |   3039 |   4 | 1183.5 |
     Snake Pit |   7320 |   6912 |    408 |   1431 |   4234 |   4 | 1830.0 |
  Orcish Mines |   2318 |   2267 |     51 |   1141 |    628 |   2 | 1159.0 |
        Vaults |     42 |     41 |      1 |      0 |     16 |   1 |   42.0 |
        Bazaar |     97 |     97 |      0 |     61 |     15 |   1 |   97.0 |
               +--------+--------+--------+--------+--------+-----+--------+

Top non-repeatable levels by time:
  Lair:5: 2857 daAuts
 Snake:4: 2214 daAuts
 Snake:3: 2188 daAuts
 Snake:1: 2099 daAuts
   Orc:2: 1792 daAuts
    D:10: 1760 daAuts
     D:9: 1711 daAuts
  Lair:4: 1705 daAuts
    D:11: 1689 daAuts
  Lair:3: 1383 daAuts
  Lair:2: 1330 daAuts
     D:8: 1319 daAuts
Shoals:4: 1309 daAuts
     D:6: 1275 daAuts
Shoals:2: 1209 daAuts
